 Dungeon Crawl Stone Soup version 0.29.1-15-g9cfb28693d (webtiles) character file.

Game seed: 7996423334209644453

53435 H0rd4k the Eclecticist (level 14, -1/89 HPs)
             Began as an Octopode Artificer on Feb 28, 2023.
             Was an Initiate of Gozag.
             Shot with an arrow by a centaur warrior (8 damage)
             ... on level 13 of the Dungeon on Mar 1, 2023.
             The game lasted 00:52:46 (30399 turns).

H0rd4k the Eclecticist (Octopode Artificer)        Turns: 30399, Time: 00:52:48

Health: -1/89      AC:  3    Str: 23    XL:     14   Next: 68%
Magic:  0/34       EV: 18    Int: 32    God:    Gozag
Gold:   1411       SH:  0    Dex: 22    Spells: 22/46 levels left

rFire   x . .      SeeInvis +   B - staff of poison
rCold   . . .      Faith    .   (no shield)
rNeg    . . .      Spirit   +   m - +2 hat of Spite {Int+5}
rPois   +          Reflect  .   o - amulet of guardian spirit
rElec   +          Harm     .   g - +6 ring of strength
rCorr   .          Rampage  .   I - ring "Borira" {Wiz rElec rF- Dex+9}
Will    ++...                   F - +6 ring of strength
Stlth   +++.......              J - +4 ring of evasion
HPRegen 0.24/turn               M - +6 ring of intelligence
MPRegen 0.24/turn               L - ring of see invisible
                                O - ring of willpower
                                l - ring of Lucidity {Wiz Int+3}

@: gold aura, studying Polearms
A: almost no armour, amphibious, 8 rings, camouflage 1, gelatinous body 1,
(nimble swimmer 1), tentacles
a: Renounce Religion, Potion Petition, Call Merchant, Bribe Branch


You were on level 13 of the Dungeon.
You worshipped Gozag.
Gozag was most pleased with you.
You visited 2 branches of the dungeon, and saw 18 of its levels.
You also visited: Sewer.

You collected 4717 gold pieces.
You spent 2666 gold pieces at shops.
You paid 640 gold pieces to Gozag.

Inventory:

Missiles
 A - 64 poisoned darts
 G - 6 curare-tipped darts
Armour
 m - the +2 hat of Spite (worn) {Int+5}
   (You acquired it on level 1 of the Lair of Beasts)

   Int:       It affects your intelligence (+5).
Magical Staves
 B - a staff of poison (weapon)
Jewellery
 g - a +6 ring of strength (left tentacle)
 l - the ring of Lucidity (on tentacle) {Wiz Int+3}
   (You bought it in a shop on level 8 of the Dungeon)

   [ring of wizardry]

   It improves your spell success rate.
   Int:       It affects your intelligence (+3).
 o - an amulet of guardian spirit (around mantle)
 u - a ring of wizardry
 F - a +6 ring of strength (on tentacle)
 I - the ring "Borira" (right tentacle) {Wiz rElec rF- Dex+9}
   (You found it on level 6 of the Dungeon)

   [ring of wizardry]

   It improves your spell success rate.
   Dex:       It affects your dexterity (+9).
   rF:        It makes you vulnerable to fire.
   rElec:     It insulates you from electricity.
 J - a +4 ring of evasion (on tentacle)
 L - a ring of see invisible (on tentacle)
 M - a +6 ring of intelligence (on tentacle)
 O - a ring of willpower (on tentacle)
Wands
 b - a wand of flame (25)
 c - a wand of charming (39)
 x - a wand of roots (41)
 H - a wand of digging (2)
 P - a wand of mindburst (10)
 Z - a wand of light (3)
Scrolls
 e - a scroll of poison
 h - 4 scrolls of fog
 i - 5 scrolls of blinking
 j - 5 scrolls of amnesia
 k - 9 scrolls of teleportation
 n - 3 scrolls of magic mapping
 s - 3 scrolls of enchant weapon
 t - a scroll of brand weapon
 v - a scroll of fear
 w - 3 scrolls of summoning
 y - 2 scrolls of silence
 C - 3 scrolls of enchant armour
 X - 3 scrolls of identify
Potions
 a - 2 potions of invisibility {unknown}
 d - 2 potions of haste
 f - 7 potions of curing
 p - 4 potions of flight
 r - 2 potions of might {unknown}
 z - 2 potions of mutation {unknown}
 D - a potion of attraction {unknown}
 E - 2 potions of brilliance
 K - 2 potions of ambrosia
 R - a potion of berserk rage {unknown}
 V - 2 potions of lignification {unknown}
 W - 2 potions of cancellation {unknown}
Miscellaneous
 N - a piece from Xom's chessboard (15/15)
 Q - a phial of floods
 S - a tin of tremorstones (2/2)
 T - a piece from Xom's chessboard (15/15)
 U - a phial of floods


   Skills:
 + Level 5.9 Fighting
 + Level 4.9 Staves
 - Level 4.8 Throwing
 - Level 2.3 Dodging
 - Level 1.3 Stealth
 - Level 3.3 Unarmed Combat
 + Level 16.6 Spellcasting
 + Level 2.0 Hexes
 * Level 8.7 Summonings
 + Level 5.4 Air Magic
 - Level 12.4 Poison Magic
 - Level 3.2 Evocations


You had 22 spell levels left.
You knew the following spells:

 Your Spells              Type           Power      Damage    Failure   Level
a - Confusing Touch       Hex            39%        N/A       1%          3
b - Olgreb's Toxic Radia  Pois           100%       N/A       1%          4
c - Summon Lightning Spi  Summ/Air       64%        N/A       1%          4
d - Summon Cactus Giant   Summ           35%        N/A       1%          6
e - Monstrous Menagerie   Summ           35%        N/A       11%         7

Your spell library contained the following spells:

 Spells                   Type           Power      Damage    Failure   Level
 Magic Dart               Conj           100%       1d8       1%          1
 Sandblast                Erth           52%        2d12      1%          1
 Slow                     Hex            100%       N/A       1%          1
 Ensorcelled Hibernation  Hex/Ice        66%        N/A       1%          2
 Passwall                 Tmut/Erth      21%        N/A       1%          2
 Searing Ray              Conj           52%        2d6       1%          2
 Frozen Ramparts          Ice            52%        1d8       1%          3
 Portal Projectile        Hex/Tloc       66%        N/A       1%          3
 Stone Arrow              Conj/Erth      52%        3d10      1%          3
 Tukima's Dance           Hex            39%        N/A       1%          3
 Vampiric Draining        Necr           26%        2d7       1%          3
 Airstrike                Air            28%        2d(5-21)  1%          4
 Anguish                  Hex/Necr       16%        N/A       3%          4
 Fulminant Prism          Conj/Hex       16%        3d11      3%          4
 Ice Form                 Ice/Tmut       26%        N/A       4%          4
 Lightning Bolt           Conj/Air       21%        1d36      4%          5
 Blade Hands              Tmut           13%        N/A       12%         5
 Fireball                 Conj/Fire      13%        3d7       12%         5
 Iskenderun's Battlesphe  Conj           26%        2d8       12%         5
 Conjure Ball Lightning   Conj/Air       21%        3x3d6     21%         6
 Malign Gateway           Summ/Tloc      26%        N/A       45%         7
 Enfeeble                 Hex            19%        N/A       78%         7
 Orb of Destruction       Conj           13%        9d7       95%         7
 Ozocubu's Refrigeration  Ice            13%        4d10      95%         7
 Ignition                 Fire           13%        3d6       100%        8
 Animate Armour           Summ/Erth      Unusable   N/A       N/A         4

Dungeon Overview and Level Annotations

Branches:
Dungeon (13/15)            Temple (0/1) D:6            Lair (5/5) D:8
 Shoals (0/4) Lair:3       Spider (0/4) Lair:3        Slime (0/5) Lair:5
    Orc (0/2) D:12          Sewer (visited)
 Vaults: D:13-14

Altars:
Cheibriados
Elyvilon
Gozag
Hepliaklqana
Kikubaaqudgha
Makhleb
Nemelex Xobeh
Okawaru
Qazlal
Ru
Trog
Uskayaw
Wu Jian
Xom
Yredelemnul

Shops:
D:3 (   D:4 :   D:7 =?   D:8 =   D:12 ([   D:13 ?

Annotations:
D:7 exclusion: downstairs
D:9 exclusion: 2 downstairs
D:10 Urug
Lair:1 exclusion: downstairs
Lair:2 exclusion: downstairs
Lair:3 2 transporters
Lair:4 exclusion: 2 downstairs
Lair:5 exclusions: hydra and 1 more exclusion


Innate Abilities, Weirdness & Mutations

You cannot wear most types of armour.
You are amphibious.
You can wear up to eight rings at the same time.
Your skin changes colour to match your surroundings (Stealth+).
Your rubbery body absorbs attacks. (AC +1, EV +1)
((You are camouflaged when in or above water. (Stealth+)))
You have tentacles for arms and can constrict up to eight enemies at once.


Message History

The arrow hits you!!
* * * LOW HITPOINT WARNING * * *
The arrow freezes you.
* * * LOW HITPOINT WARNING * * *
The centaur warrior shoots an arrow.
The arrow closely misses you.
You feel much better.
The centaur warrior shoots an arrow.
The arrow barely misses you.
Aiming: Mindburst
Press: ? - help, Shift-Dir - straight line, f/p - centaur warrior
Aim: a centaur warrior, wielding a +1 shortbow of freezing (severely wounded, chance to affect: 62%)
The centaur warrior resists with significant effort.
The centaur warrior shoots an arrow.
The arrow hits you!!
* * * LOW HITPOINT WARNING * * *
The arrow freezes you.
* * * LOW HITPOINT WARNING * * *
The centaur warrior shoots an arrow.
The arrow hits you!!
* * * LOW HITPOINT WARNING * * *
The arrow freezes you.
* * * LOW HITPOINT WARNING * * *
You feel much better.
The centaur warrior is distracted by your dazzling golden aura.
Okay, then.
Blink to where?
Press: ? - help, Dir - move target, p - centaur warrior
Okay, then.
Unknown command.
Unknown command.
Aiming: Bolt of Light
Press: ? - help, Shift-Dir - straight line, f/p - centaur warrior
Aim: a centaur warrior, wielding a +1 shortbow of freezing (severely wounded, unaware, hasn't noticed you, 81% to hit)
The bolt of light hits the centaur warrior!
The centaur warrior is almost dead.
The centaur warrior is no longer distracted by gold.
The centaur warrior shouts!
The centaur warrior is blinded.
The centaur warrior shoots an arrow.
The arrow misses you.
The centaur warrior shoots an arrow.
The arrow hits you!!
* * * LOW HITPOINT WARNING * * *
The arrow freezes you!
You die...
Your body crumbles into a pile of gold.

.................8.c...#,,,,*****
.........J.,*,#....C...#*,,,,****
.........J.,**#.....c..#*,,,,,,,,
..........#,**#...#....#****,,,,,
,,,,,,,...*,,*##$##..### ***,,,,,
,,,,,,,.>..,,*##c#*...#***,,,*,,,
,,,,,,*,....**#c.#*#....,,,,**,,,
,,,,,,,**#..###$##,,..#..*,,,*,,8
,,,,,,,**#......@#,,.#####*,,*,**
,,,,,,,,...##...##,,.# *,**,**
,,,,,,<,*,*##...#*,,** ****,,,
,,,,.,,***##....#**,* ****
,,,,..,,*##.....# ***
,,,,,..,,#......#
,,,,,##.##......#
*,,,*#......#..##
,,,,....#...##.#


You could see a centaur warrior (blind).

Vanquished Creatures
  A dire elephant (Lair:5)
  Josephine (Lair:3)
  A centaur warrior (D:9)
  3 boulder beetles
  5 two-headed ogres
  6 death yaks
  Sonja (Lair:2)
  A fire crab (Lair:4)
  A deep elf pyromancer (D:11)
  4 cyclopes
  2 manticores
  Maurice (D:10)
  2 black mambas
  Joseph (D:10)
  A cane toad (Lair:1)
  Maggie (D:8)
  An unseen horror (D:12)
  A rime drake (Lair:2)
  2 komodo dragons
  3 trolls
  3 polar bears
  2 hornets
  3 blink frogs (Lair:1)
  A wind drake (shapeshifter) (D:11)
  A snapping turtle (Lair:3)
  5 dream sheep (Lair:5)
  A spriggan (Lair:2)
  2 wraiths
  45 yaks
  5 wyverns
  A basilisk (Lair:1)
  An unseen horror simulacrum (D:8)
  Grum (Lair:1)
  A vampire mosquito (D:13)
  Menkaure (D:7)
  2 steam dragons
  6 water moccasins
  6 orc warriors
  5 ice beasts
  3 sky beasts
  A black bear (Lair:2)
  An ogre (D:5)
  5 centaurs
  6 wolves
  6 kobold brigands
  9 bullfrogs
  2 necrophages
  4 gnoll sergeants
  6 scorpions
  15 killer bees
  4 howler monkeys
  5 electric eels
  2 hounds
  A gnoll bouda (D:6)
  11 orc priests
  5 iguanas
  Jessica (D:2)
  4 orc wizards
  2 hell rats
  9 adders
  23 gnolls
  3 river rats
  2 shadow imps
  3 white imps
  An ufetubus (D:8)
  3 worms
  3 dart slugs
  42 orcs
  5 endoplasms
  3 giant cockroaches
  5 goblins
  5 hobgoblins
  8 jackals (D:1)
  28 kobolds
  5 quokkas
  3 ball pythons
  A bat (D:1)
  2 frilled lizards
  13 rats
  A spectral kobold (D:7)
  A butterfly (D:7)
393 creatures vanquished.

Vanquished Creatures (collateral kills)
  Fannar (Lair:1)
  Harold (D:10)
  A boulder beetle (D:12)
  2 hydras
  A centaur warrior (D:13)
  A death knight (D:12)
  A death yak (Lair:2)
  A lindwurm (Lair:4)
  An ugly thing (D:12)
  A deep elf pyromancer (D:13)
  A manticore (D:12)
  4 black mambas
  6 cane toads
  3 rime drakes
  An efreet (D:13)
  A komodo dragon (Lair:2)
  A yaktaur (D:12)
  The ghost of
  112233 the Changer, a novice SpTm (D:5)
  A troll (D:12)
  3 polar bears
  A tarantella (shapeshifter) (D:13)
  5 dream sheep (Lair:5)
  A blink frog (Lair:1)
  A spectral elephant (Lair:5)
  A shadow (D:11)
  A vampire (D:12)
  5 wraiths (Lair:3)
  6 yaks
  3 wyverns
  2 basilisks
  4 vampire mosquitoes (D:13)
  2 acid dragons
  5 water moccasins
  An ogre (D:6)
  A phantom (D:6)
  3 bullfrogs
  A killer bee (D:10)
  Terence (D:2)
  3 hell rats (Lair:4)
  An adder (D:5)
  3 orcs
  3 kobolds (Sewer)
87 creatures vanquished.

Vanquished Creatures (others)
  A troll (D:13)
  A human (D:3)
  A jelly (D:6)
  An orc wizard (D:5)
  10 fungi
  23 plants
  7 withered plants (Lair:5)
44 creatures vanquished.

Grand Total: 524 creatures vanquished

Notes
Turn   | Place    | Note
-------+----------+-------------------------------------------
     0 | D:1      | H0rd4k the Octopode Artificer began the quest for the Orb.
     0 | D:1      | Reached XP level 1. HP: 13/13 MP: 1/1
   292 | D:1      | Reached XP level 2. HP: 10/18 MP: 1/3
   439 | D:1      | Reached skill level 1 in Spellcasting
   844 | D:1      | Reached XP level 3. HP: 12/24 MP: 5/5
  1702 | D:1      | Learned a level 3 spell: Confusing Touch
  1737 | D:2      | Noticed Terence
  2037 | D:2      | Reached skill level 1 in Unarmed Combat
  2195 | D:2      | Found a bloodstained altar of Trog.
  2197 | D:2      | Noticed Jessica
  2206 | D:2      | Killed Jessica
  2207 | D:2      | Reached XP level 4. HP: 26/30 MP: 6/6
  2610 | D:2      | Found a faded altar of an unknown god.
  2787 | D:3      | Reached skill level 1 in Hexes
  3023 | D:3      | Reached skill level 2 in Spellcasting
  3027 | D:3      | Found a glowing drain.
  3046 | Sewer    | Entered a sewer
  3191 | Sewer    | Noticed a kobold brigand
  3201 | Sewer    | Reached XP level 5. HP: 26/35 MP: 5/8
  3289 | Sewer    | Killed a kobold brigand
  3323 | Sewer    | Found a white marble altar of Elyvilon.
  3458 | D:3      | Found an ancient bone altar of Kikubaaqudgha.
  3460 | D:3      | Noticed a human
  3461 | D:3      | Killed a human
  3770 | D:3      | Found Ustriamma's Antique Weapon Emporium.
  3824 | D:3      | Reached XP level 6. HP: 41/41 MP: 9/9
  3882 | D:3      | Found a burning altar of Makhleb.
  3885 | D:3      | Found a stormy altar of Qazlal.
  3900 | D:3      | Found an opulent altar of Gozag.
  3922 | D:3      | Became a worshipper of Gozag Ym Sagoz the Greedy
  4067 | D:3      | You fall into a shaft and drop 1 floor!
  4067 | D:4      | Found a basalt altar of Yredelemnul.
  4147 | D:4      | Learned a level 4 spell: Olgreb's Toxic Radiance
  4551 | D:4      | Found a sparkling altar of Nemelex Xobeh.
  4696 | D:4      | Found a sacrificial altar of Ru.
  4911 | D:4      | Found Voilu Nic's Tremendous Tomes.
  4972 | D:4      | Reached skill level 1 in Poison Magic
  5034 | D:5      | Entered Level 5 of the Dungeon
  5064 | D:5      | Reached skill level 3 in Spellcasting
  5064 | D:5      | Found a runed translucent door.
  5071 | D:5      | Noticed 112233's ghost (novice SpTm)
  5183 | D:5      | Reached XP level 7. HP: 13/46 MP: 3/11
  5523 | D:5      | Found a white marble altar of Elyvilon.
  5775 | D:5      | Reached skill level 1 in Throwing
  6016 | D:5      | Found an ornate altar of the Wu Jian Council.
  6459 | D:5      | Reached skill level 4 in Spellcasting
  6531 | D:6      | Found a staircase to the Ecumenical Temple.
  6900 | D:6      | Reached XP level 8. HP: 54/54 MP: 14/14
  7210 | D:6      | Reached skill level 1 in Staves
  7280 | D:6      | Identified the ring "Borira" {Wiz rElec rF- Dex+9}
  7732 | D:7      | Noticed a wyvern
  7736 | D:7      | Reached skill level 5 in Poison Magic
  7742 | D:7      | Killed a wyvern
  7744 | D:7      | Reached skill level 5 in Spellcasting
  7744 | D:7      | Reached XP level 9. HP: 23/59 MP: 3/16
  8163 | D:7      | Reached skill level 5 in Fighting
  8319 | D:7      | Noticed Menkaure
  8324 | D:7      | Killed Menkaure
  8588 | D:7      | Found Inusty's Jewellery Shoppe.
  8596 | D:7      | Bought a ring of see invisible for 210 gold pieces
  8596 | D:7      | Bought a +6 ring of intelligence for 504 gold pieces
  8606 | D:7      | Found Meity's Magic Scroll Emporium.
  8608 | D:7      | Noticed a cyclops
  8636 | D:7      | Found a shimmering altar of Xom.
  8714 | D:7      | Killed a cyclops
  8715 | D:7      | Reached skill level 6 in Spellcasting
  8967 | D:7      | Found a hazy altar of Hepliaklqana.
  9224 | D:8      | Noticed Maggie
  9669 | D:8      | Reached XP level 10. HP: 66/66 MP: 6/19
 10152 | D:8      | Reached skill level 7 in Spellcasting
 10153 | D:8      | Noticed a two-headed ogre
 10322 | D:8      | Killed a two-headed ogre
 10568 | D:8      | Found a staircase to the Lair.
 10568 | D:8      | Noticed a death yak
 10596 | D:8      | Killed a death yak
 10597 | D:8      | Reached skill level 8 in Spellcasting
 10819 | D:8      | Noticed a death yak
 10822 | D:8      | Noticed a death yak
 10840 | D:8      | Killed a death yak
 10841 | D:8      | Reached skill level 10 in Poison Magic
 10864 | D:8      | Killed a death yak
 10865 | D:8      | Reached XP level 11. HP: 60/72 MP: 1/23
 11228 | D:9      | Reached skill level 9 in Spellcasting
 11483 | D:9      | Noticed a cyclops
 11539 | D:9      | Noticed a seven-headed hydra
 11561 | D:9      | Noticed a centaur warrior
 11587 | D:9      | Killed a centaur warrior
 11629 | D:9      | Learned a level 4 spell: Summon Lightning Spire
 11702 | D:9      | Noticed a two-headed ogre
 11714 | D:9      | Killed a two-headed ogre
 12025 | D:9      | Found a hide-covered altar of Uskayaw.
 12468 | D:9      | Killed a cyclops
 12469 | D:9      | Reached skill level 1 in Summonings
 12469 | D:9      | Reached skill level 1 in Air Magic
 12988 | D:10     | Entered Level 10 of the Dungeon
 13159 | D:10     | Noticed Maurice
 13166 | D:10     | Killed Maurice
 13167 | D:10     | Reached skill level 10 in Spellcasting
 13242 | D:10     | Found an iron altar of Okawaru.
 13246 | D:10     | Noticed Urug
 13265 | D:10     | Noticed Joseph
 13431 | D:10     | Noticed a two-headed ogre
 13449 | D:10     | Killed a two-headed ogre
 13907 | D:5      | Killed 112233's ghost
 14087 | D:2      | Killed Terence
 14271 | D:8      | Killed Maggie
 14437 | D:10     | Noticed Harold
 14628 | D:9      | Killed a seven-headed hydra
 14629 | D:9      | Reached XP level 12. HP: 78/78 MP: 16/26
 14880 | D:10     | Killed Harold
 14881 | D:10     | Reached skill level 11 in Spellcasting
 15326 | D:10     | Killed Joseph
 15543 | D:10     | Found a snail-covered altar of Cheibriados.
 16050 | D:4      | Bought the Enchiridion on Productive Cold for 1260 gold
                  | pieces
 16057 | D:4      | Learned a level 6 spell: Summon Cactus Giant
 16288 | D:11     | Noticed a two-headed ogre
 16299 | D:11     | Killed a two-headed ogre
 16944 | D:11     | Reached skill level 12 in Spellcasting
 17138 | D:11     | Noticed a two-headed ogre
 17151 | D:11     | Killed a two-headed ogre
 17513 | D:11     | Noticed a boulder beetle
 17521 | D:11     | Killed a boulder beetle
 17867 | Lair:1   | Entered Level 1 of the Lair of Beasts
 18029 | Lair:1   | Noticed Fannar
 18441 | Lair:1   | You fall into a shaft and drop 1 floor!
 18812 | Lair:2   | Reached skill level 13 in Spellcasting
 19084 | Lair:1   | Noticed a boulder beetle
 19097 | Lair:1   | Killed a boulder beetle
 19537 | Lair:1   | Reached XP level 13. HP: 78/83 MP: 7/30
 19575 | Lair:1   | Noticed Grum
 19587 | Lair:1   | Killed Grum
 19810 | Lair:1   | Killed Fannar
 19811 | Lair:1   | Reached skill level 14 in Spellcasting
 19988 | Lair:1   | Identified a scroll of acquirement
 19988 | Lair:1   | Acquired the +2 hat of Spite {Int+5}
 20345 | Lair:2   | Noticed Sonja
 20350 | Lair:2   | Killed Sonja
 21890 | Lair:2   | Learned a level 7 spell: Monstrous Menagerie
 21959 | Lair:3   | Reached skill level 5 in Summonings
 22247 | Lair:3   | Found a staircase to the Shoals.
 22511 | Lair:3   | Found a hole to the Spider Nest.
 22516 | Lair:3   | Found a transporter.
 22560 | Lair:3   | Noticed Josephine
 22569 | Lair:3   | Killed Josephine
 22797 | Lair:3   | Found a transporter.
 22957 | Lair:3   | Identified the +2 pair of gloves "Poggang" {Int+2}
 22968 | Lair:3   | Reached skill level 15 in Spellcasting
 25069 | Lair:5   | Entered Level 5 of the Lair of Beasts
 25084 | Lair:5   | Reached XP level 14. HP: 9/89 MP: 1/33
 26173 | Lair:5   | Found a staircase to the Slime Pits.
 27074 | Lair:5   | Noticed a dire elephant
 27074 | Lair:5   | Noticed a dire elephant
 27074 | Lair:5   | Noticed a dire elephant
 27098 | Lair:5   | Killed a dire elephant
 27173 | Lair:5   | Noticed a dire elephant
 27335 | D:8      | Bought the ring of Lucidity {Wiz Int+3} for 692 gold pieces
 27661 | D:12     | Reached skill level 16 in Spellcasting
 27701 | D:12     | Reached skill level 5 in Air Magic
 27995 | D:12     | Found Wefral's Antique Armour Boutique.
 28707 | D:12     | Found a stormy altar of Qazlal.
 29613 | D:12     | Found Votteeqau's Antique Weapon Shoppe.
 29902 | D:12     | Found a staircase to the Orcish Mines.
 30210 | D:13     | Found Ruisos's Magic Scroll Shop.
 30397 | D:13     | HP: 4/89 [centaur warrior/arrow (17)]
 30397 | D:13     | HP: 1/89 [centaur warrior/arrow (3)]
 30399 | D:13     | Shot with an arrow by a centaur warrior

Illustrated notes

Levels and vault maps discovered:
D:1:      dpeg_arrival_boxorama, layout_basic
D:2:      layout_rooms, dreamdust_ecumenical_altar_hidden_monk_grotto,
          basic_altar, serial_bayou_crossing, uniq_terence, uniq_jessica
D:3:      layout_basic, tgw_kikubaaqudgha, grunt_temple_overflow_open,
          serial_shops, nicolae_square_shop, gup_sewer_entry_bubbles
D:4:      layout_basic, nicolae_ru_path_of_blood, nemelex_diamond_rough_becter,
          mainiacjoe_overflow_concentric_impassable,
          nicolae_shop_i_like_big_books
D:5:      layout_gridville, mainiacjoe_overflow_small_starburst,
          amcnicky_altar_gilded, ebering_ghost_sewer_d
D:6:      layout_cave_pods, minmay_temple_entry_large_hall
D:7:      layout_basic, nicolae_hepliaklqana_monster_ancestors, xom_butterflies,
          serial_shops, shop, nicolae_shop_behind_doors, minmay_manual_mares,
          uniq_menkaure
D:8:      layout_basic, dpeg_lair_monsters, serial_ice, serial_ice_l,
          serial_ice_o, serial_ice_d, serial_ice_c,
          chequers_serial_rivers_room_b, uniq_maggie
D:9:      layout_stronghold, nicolae_uskayaw_dance_studio,
          kennysheep_decorative_pillar, minmay_diamond_spiral
D:10:     layout_loops_ring, slow_altar_2, kennysheep_mini, uniq_urug,
          uniq_maurice, uniq_harold, uniq_joseph
D:11:     layout_roguey, blue_anna_alchemist
D:12:     minmay_curly_fans, layout_stronghold, erik_orc_2, serial_shops,
          kennysheep_little_box, nicolae_take_the_stairs, grunt_qazlal_sundering
D:13:     layout_cave_pools, serial_shops, nicolae_shop_statue_plus, shop, shop
Lair:1:   layout_regular_city, infiniplex_staircase_pool, uniq_fannar, uniq_grum
Lair:2:   layout_regular_city, forest_entry_grove, uniq_sonja
Lair:3:   gammafunk_cloud_chamber, layout_cave_pods, minmay_shoals_entry_hut,
          dummy_spider_entry, grunt_megastairs_5, uniq_josephine
Lair:4:   layout_gridlike, serial_bayou_shore_b
Lair:5:   due_jungle_book, layout_cave_pods, dpeg_slime_entry_enclosed,
          infiniplex_staircase_pool_2, serial_bayou_shore_a, grunt_megastairs_2

Skill      XL: |  1  2  3  4  5  6  7  8  9 10 11 12 13 14 |
---------------+-------------------------------------------+-----
Spellcasting   | 1 2 3 4 5 6 8 10 13 15 16 | 16.6
Fighting       | 2 3 4 5 |  5.9
Unarmed Combat | 1 2 3 |  3.3
Hexes          | 1 2 |  2.0
Poison Magic   | 2 3 5 7 10 12 | 12.4
Throwing       | 2 4 |  4.8
Staves         | 2 4 |  4.9
Summonings     | 2 4 6 8 |  8.7
Air Magic      | 3 4 5 |  5.4
Dodging        | |  2.3
Stealth        | |  1.3
Evocations     | |  3.2

Action                   |  1- 3 |  4- 6 |  7- 9 | 10-12 | 13-15 || total
-------------------------+-------+-------+-------+-------+-------++-------
Melee: Unarmed           |    92 |   131 |    54 |       |       ||   277
       Tentacles         |    20 |    24 |    44 |    34 |    28 ||   150
       Constrict         |    24 |    37 |    34 |    22 |    21 ||   138
       Punch             |     2 |     3 |    13 |     4 |     5 ||    27
       Staff             |       |       |   106 |   119 |    76 ||   301
Throw: Dart              |       |     5 |    36 |       |       ||    41
 Cast: Olgreb's Toxic Ra |       |       |    14 |   197 |   190 ||   401
       Confusing Touch   |       |       |     1 |     1 |       ||     2
       Summon Lightning  |       |       |       |    27 |    66 ||    93
       Summon Cactus Gia |       |       |       |       |    23 ||    23
Invok: Call Merchant     |       |       |       |       |     1 ||     1
Evoke: Wand              |     3 |    11 |    29 |    11 |     6 ||    60
  Use: Scroll            |       |       |     9 |     7 |     7 ||    23
       Potion            |       |       |     1 |       |     6 ||     7
 Stab: Sleeping          |     5 |     8 |     1 |       |       ||    14
       Invisible         |       |       |     1 |     6 |       ||     7
       Betrayed ally     |       |       |     1 |       |       ||     1
       Distracted        |       |       |     1 |     5 |     1 ||     7
Armor: Skin              |     8 |     4 |    16 |     9 |     4 ||    41
Dodge: Dodged            |    56 |    62 |   115 |    86 |   102 ||   421
